 Dungeon Crawl Stone Soup version 0.22.1-1-ga44c0e56f4 (webtiles) character file.

52 Jynx the Changer (level 3, 0/23 HPs)
             Began as an Octopode Transmuter on Nov 1, 2018.
             Slain by an adder (4 damage)
             ... on level 2 of the Dungeon.
             The game lasted 00:02:19 (1650 turns).

Jynx the Changer (Octopode Transmuter)              Turns: 1650, Time: 00:02:20

Health: 0/23       AC:  1    Str:  9    XL:     3   Next: 85%
Magic:  6/6        EV: 13    Int: 15    God:
Gold:   47         SH:  0    Dex: 13    Spells: 1/7 levels left

rFire    . . .     SeeInvis .     - Unarmed
rCold    . . .     Gourm    .   (no shield)
rNeg     . . .     Faith    .   (helmet restricted)
rPois    .         Spirit   .   (no amulet)
rElec    .         Reflect  .   (no ring)
rCorr    .         Harm     .   (no ring)
MR       .....                  (no ring)
Stlth    ++........             (no ring)
HPRegen  0.07/turn              (no ring)
MPRegen  0.10/turn              (no ring)
                                (no ring)
                                (no ring)

@: lethally poisoned (0 -> -4), appendage (expiring)
A: almost no armour, stealthy swim, amphibious, 8 rings, constrict 8, tentacle
spike 3, camouflage 1, gelatinous body 1
a: End Transformation


You were on level 2 of the Dungeon.
You were not hungry.
One of your tentacles had a temporary spike.
You visited 1 branch of the dungeon, and saw 2 of its levels.

You collected 47 gold pieces.

Inventory:

Missiles
 a - 27 arrows
Scrolls
 b - a scroll of remove curse {unknown}
 e - a scroll of teleportation {unknown}
 h - a scroll of noise {unknown}
Potions
 d - a potion of curing {unknown}
 f - 2 potions of mutation {unknown}
 g - a potion of lignification {unknown}
Comestibles
 c - 2 rations
 i - 5 chunks of flesh


   Skills:
 - Level 1.0 Fighting
 - Level 2.0 Dodging
 - Level 3.0 Unarmed Combat
 + Level 2.6 Spellcasting
 * Level 3.5 Transmutations


You had one spell level left.
You knew the following spells:

 Your Spells              Type           Power        Failure   Level  Hunger
a - Beastly Appendage     Tmut           ##....       4%          1    #......
b - Sticks to Snakes      Tmut           ##......     8%          2    ###....
c - Spider Form           Tmut/Pois      #.........   30%         3    ###....

Your spell library contained the following spells:

 Spells                   Type           Power        Failure   Level  Hunger
 Ice Form                 Ice/Tmut       #.......     69%         4    #####..
 Blade Hands              Tmut           ##........   80%         5    ######.


Dungeon Overview and Level Annotations

Branches:
Dungeon (2/15)

Altars:


Innate Abilities, Weirdness & Mutations

You cannot wear most types of armour.
You are very stealthy in the water. (Stealth+)
You are amphibious.
You can wear up to eight rings at the same time.
You can use your tentacles to constrict eight enemies at once.
Your skin changes colour to match your surroundings (Stealth+).
Your rubbery body absorbs attacks. (AC +1, EV +1)
One of your tentacles bears a large vicious spike.


Message History

Your transformation is almost over.
You constrict the adder. The adder bites you.
You are poisoned.
The adder poisons you!
You release your grip on the adder.
You feel sick. The adder bites you. The adder misses you.
You feel sick. The adder completely misses you. The adder closely misses you.
You feel sick.
You barely miss the adder. Your grab misses the adder.
Your tentacle spike misses the adder.
The adder is lightly wounded.
The adder bites you.
* * * LOW HITPOINT WARNING * * *
You closely miss the adder. Your grab misses the adder.
The adder is lightly wounded.
* * * LOW HITPOINT WARNING * * *
You feel sick. The adder bites you.
You die...

### ..# # ###.# #.#.#.# ###
#.#.#.# #.. ##...#'########
#..
..#..........[..#########..
...........................
..#......S@................
#........................
#......(.................
#........................
#############............
########
#.......................
.....).#
#.......................
.......#
#.......................
.......#
#...........############


You could see an adder.

Vanquished Creatures
  An adder (D:2)
  A dart slug (D:1)
  A leopard gecko (D:2)
  2 giant cockroaches (D:1)
  6 goblins
  7 hobgoblins
  A quokka (D:2)
  5 bats
  5 kobolds
  8 rats
37 creatures vanquished.

Vanquished Creatures (collateral kills)
  A bat (D:2)
1 creature vanquished.

Grand Total: 38 creatures vanquished

Notes
Turn   | Place    | Note
-------+----------+-------------------------------------------
     0 | D:1      | Jynx the Octopode Transmuter began the quest for the Orb.
     0 | D:1      | Reached XP level 1. HP: 13/13 MP: 3/3
   264 | D:1      | Reached XP level 2. HP: 18/18 MP: 3/5
   840 | D:2      | Reached XP level 3. HP: 23/23 MP: 6/6
   850 | D:2      | Learned a level 2 spell: Sticks to Snakes
   854 | D:2      | Learned a level 3 spell: Spider Form
  1650 | D:2      | Slain by an adder

Skill      XL: |  1  2 |
---------------+-------+-----
Transmutations | 3 |  3.5
Fighting       | |  1.0
Dodging        | |  2.0
Unarmed Combat | |  3.0
Spellcasting   | |  2.6

Action                   || total
-------------------------++-------
Melee: Unarmed           ||    71
       Constrict         ||    19
       Tentacles         ||    12
       Kick              ||    13
       Punch             ||     1
 Cast: Beastly Appendage ||    19
       Sticks to Snakes  ||     2
 Stab: Sleeping          ||     6
  Eat: Ration            ||     1
Armor: Skin              ||     5
Dodge: Dodged            ||    48
